 Dungeon Crawl Stone Soup version 0.24.0-29-g8ce449bc06 (webtiles) character file.

Game seed: 5873674545599198568, levelgen mode: deterministic

2446 Descartes the Martial Artist (level 9, -1/47 HPs)
             Began as a Vine Stalker Monk on Nov 16, 2019.
             Was an Elder of Wu Jian.
             Slain by Menkaure (5 damage)
             ... on level 6 of the Dungeon.
             The game lasted 00:23:10 (6922 turns).

Descartes the Martial Artist (Vine Stalker Monk)    Turns: 6922, Time: 00:23:10

Health: -1/47      AC: 15    Str: 17    XL:     9   Next: 49%
Magic:  0/21       EV:  3    Int: 10    God:    Wu Jian [****..]
Gold:   335        SH:  0    Dex: 21    Spells: 8/9 levels left

rFire    . . .     SeeInvis .     - Unarmed
rCold    . . .     Gourm    .   P - +0 shield
rNeg     . . .     Faith    .   y - +0 plate armour
rPois    .         Spirit   +   m - +0 helmet
rElec    .         Reflect  .   (no cloak)
rCorr    .         Harm     .   a - +2 pair of gloves
MR       +....     Clarity  +   A - +0 pair of boots
Stlth    ..........             l - amulet of rage
HPRegen  0.55/turn              C - +4 ring of dexterity
MPRegen  0.17/turn              n - ring of magical power

@: held
A: fangs 3, blink, clarity, regeneration 1, evolution 1, magic shield, antimagic
bite, no potion heal 3, rot immunity
a: Blink, Wall Jump, Serpent's Lash, Renounce Religion, Evoke Berserk Rage


You were on level 6 of the Dungeon.
You worshipped Wu Jian.
Wu Jian was greatly pleased with you.
You were not hungry.

You visited 2 branches of the dungeon, and saw 7 of its levels.

You collected 335 gold pieces.

Inventory:

Hand Weapons
 f - a +1 dagger of draining
Missiles
 h - 201 stones (quivered)
 p - 41 arrows
 x - 24 poisoned darts
 z - 8 atropa-tipped darts
 F - 10 bolts
 H - 26 sling bullets
Armour
 a - a +2 pair of gloves (worn)
 k - a +0 robe of positive energy
 m - a +0 helmet (worn)
 y - a +0 plate armour (worn)
 A - a +0 pair of boots (worn)
 D - a +0 buckler
 P - a +0 shield (worn)
Jewellery
 j - an uncursed ring of wizardry
 l - an amulet of rage (around neck)
 n - a ring of magical power (right hand)
 o - an uncursed ring of stealth
 B - a +3 ring of dexterity
 C - a +4 ring of dexterity (left hand)
 K - a +4 ring of intelligence
 Q - an uncursed ring of poison resistance
Wands
 r - a wand of paralysis (11)
 E - a wand of iceblast (3)
Scrolls
 d - a scroll of random uselessness {unknown}
 e - 3 scrolls of fear
 g - 4 scrolls of teleportation
 i - 5 scrolls of amnesia
 s - a scroll of fog {unknown}
 v - a scroll of immolation
 w - 5 scrolls of enchant armour
 I - a scroll of remove curse
 J - a scroll of vulnerability {unknown}
Potions
 c - a potion of flight
 q - a potion of curing
 t - 2 potions of might
 u - a potion of cancellation
 G - 2 potions of heal wounds {unknown}
 L - a potion of berserk rage {unknown}
 M - a potion of brilliance {unknown}
 N - a potion of lignification {unknown}
Comestibles
 b - 13 rations


   Skills:
 + Level 5.6 Fighting
 + Level 5.1 Dodging
 - Level 2.4 Stealth
 + Level 3.5 Shields
 * Level 8.3 Unarmed Combat
 + Level 0.7 Spellcasting
 + Level 0.5 Transmutations
 + Level 3.6 Evocations


You had 8 spell levels left.
You knew the following spells:

 Your Spells              Type           Power        Failure   Level  Hunger
a - Beastly Appendage     Tmut           #.....       100%        1    ##.....

Your spell library contained the following spells:

 Spells                   Type           Power        Failure   Level  Hunger
 Sticks to Snakes         Tmut           #.......     100%        2    ###....
 Spider Form              Tmut/Pois      #.........   100%        3    ####...
 Ice Form                 Ice/Tmut       #.......     100%        4    #####..
 Blade Hands              Tmut           #.........   100%        5    ######.


Dungeon Overview and Level Annotations

Branches:
Dungeon (6/15)             Temple (1/1) D:4

Altars:
Ashenzari
Cheibriados
Elyvilon
Fedhas
Gozag
Kikubaaqudgha
Makhleb
Nemelex Xobeh
Okawaru
Qazlal
Ru
Sif Muna
Uskayaw
Vehumet
Wu Jian
Zin
The Shining One

Shops:
D:4 :

Annotations:
D:6 Menkaure


Innate Abilities, Weirdness & Mutations

You have razor-sharp teeth.
Your natural rate of healing is unusually fast.
When hurt, damage is shared between your health and your magic reserves.
Your bite disrupts and absorbs the magic of your enemies.
Potions cannot restore your health.
You are immune to rotting.
You can translocate small distances at will.
You possess an exceptional clarity of mind.
You evolve.


Message History

The hound bites you but does no damage.
You completely miss Menkaure.
Menkaure is heavily damaged.
You block the gnoll's attack. The hound bites you but does no damage.
A gnoll comes into view. It is wielding a +0 club.
Menkaure calls on the powers of darkness!
The hound convulses!
Your body is wracked with pain!
* * * LOW HITPOINT WARNING * * *
The hound convulses!
The gnoll convulses! x2
You hit Menkaure.
Menkaure is severely damaged.
You block the hound's attack. The gnoll hits you but does no damage.
The gnoll throws a throwing net.
The throwing net hits you.
You become entangled in the net!
Menkaure hits you!
* * * LOW HITPOINT WARNING * * *
You tear a large gash into the net.
The hound bites you but does no damage. The gnoll hits you.
* * * LOW HITPOINT WARNING * * *
Menkaure hits you!
You die...

. ## .. #.. ... ## ### . ..
..g#.## ###..#. ... #.
#.%..##hg..... .... #.##
##..@Mh.....
....##..#####...#g......
.....##.....#..##.......
.........#.....#...≈≈...
.....##.##....))..≈≈.... ..g≈
.......<##........≈..... .g..
.......###.......≈≈.....## ....
................≈≈.....##.. ....
................≈......##..##....


You could see Menkaure, 2 hounds and 3 gnolls.

Vanquished Creatures
  Eustachio (D:5)
  Edmund (D:5)
  An ice beast (D:5)
  3 phantoms
  A wolf (D:6)
  A centaur (D:6)
  Blork the orc (D:6)
  3 gnoll sergeants (D:6)
  2 wights (D:6)
  A howler monkey (D:6)
  2 crimson imps (D:6)
  2 jellies (D:5)
  6 hounds
  A bullfrog skeleton (D:5)
  6 orc priests
  A centaur skeleton (D:5)
  A gnoll shaman (D:4)
  7 orc wizards
  3 worker ants
  24 gnolls
  A howler monkey zombie (D:5)
  8 adders
  A shadow imp (D:5)
  An ooze (D:4)
  An adder zombie (D:5)
  3 worms
  4 dart slugs (D:1)
  2 leopard geckos (D:3)
  31 orcs
  4 giant cockroaches
  9 goblins
  7 hobgoblins
  12 jackals
  10 kobolds
  6 quokkas
  2 ball pythons
  A ball python skeleton (D:5)
  2 bats
  5 frilled lizards (D:2)
  A leopard gecko skeleton (D:5)
  3 rats
182 creatures vanquished.

Notes
Turn   | Place    | Note
-------+----------+-------------------------------------------
     0 | D:1      | Descartes the Vine Stalker Monk began the quest for the
                  | Orb.
     0 | D:1      | Reached XP level 1. HP: 11/11 MP: 2/2
   213 | D:1      | Reached XP level 2. HP: 13/16 MP: 1/3
  1023 | D:1      | Reached XP level 3. HP: 13/20 MP: 2/4
  2172 | D:2      | Reached skill level 4 in Unarmed Combat
  2172 | D:2      | Gained mutation: Your natural rate of healing is unusually
                  | fast. [Vine Stalker growth]
  2172 | D:2      | Reached XP level 4. HP: 24/24 MP: 5/5
  2418 | D:3      | Gained mutation: You evolve. [potion of mutation]
  2418 | D:3      | Gained mutation: You possess an exceptional clarity of
                  | mind. [potion of mutation]
  2462 | D:3      | Found a shattered altar of Ashenzari.
  3056 | D:3      | Reached XP level 5. HP: 16/28 MP: 4/6
  3154 | D:3      | Found a sparkling altar of Nemelex Xobeh.
  3432 | D:3      | Gained mutation: You can translocate small distances at
                  | will. [evolution]
  3458 | D:4      | Reached skill level 5 in Unarmed Combat
  3483 | D:4      | Found Sex Xeagiust's Book Emporium.
  3483 | D:4      | Noticed a phantom
  3519 | D:4      | Killed a phantom
  3519 | D:4      | Reached XP level 6. HP: 26/33 MP: 7/7
  3996 | D:4      | Reached XP level 7. HP: 37/37 MP: 8/8
  4066 | D:4      | Reached skill level 1 in Evocations
  4137 | D:4      | Found a staircase to the Ecumenical Temple.
  4142 | Temple   | Entered the Ecumenical Temple
  4387 | Temple   | Became a worshipper of the Wu Jian Council
  4387 | Temple   | Reached * piety under Wu Jian
  4387 | Temple   | Reached ** piety under Wu Jian
  4452 | D:4      | Reached skill level 6 in Unarmed Combat
  4502 | D:4      | Found an iron altar of Okawaru.
  4520 | D:4      | Reached skill level 1 in Shields
  5001 | D:5      | Entered Level 5 of the Dungeon
  5001 | D:5      | Noticed Edmund
  5188 | D:5      | Gained mutation: You have razor-sharp teeth. [Vine Stalker
                  | growth]
  5188 | D:5      | Reached XP level 8. HP: 40/42 MP: 10/10
  5333 | D:5      | Killed Edmund
  5712 | D:5      | Found an opulent altar of Gozag.
  5712 | D:5      | Found a glowing silver altar of Zin.
  5869 | D:5      | Reached *** piety under Wu Jian
  5869 | D:5      | Reached skill level 7 in Unarmed Combat
  6258 | D:6      | Reached skill level 5 in Fighting
  6361 | D:6      | Noticed Eustachio
  6396 | D:6      | Reached XP level 9. HP: 45/47 MP: 12/12
  6437 | D:5      | Killed Eustachio
  6508 | D:6      | Reached skill level 8 in Unarmed Combat
  6538 | D:6      | Reached skill level 5 in Dodging
  6644 | D:6      | Noticed Blork the orc
  6649 | D:6      | Killed Blork the orc
  6694 | D:6      | Found a white marble altar of Elyvilon.
  6696 | D:6      | Found a hide-covered altar of Uskayaw.
  6698 | D:6      | Found a stormy altar of Qazlal.
  6721 | D:6      | Learned a level 1 spell: Beastly Appendage
  6901 | D:6      | Noticed Menkaure
  6904 | D:6      | Reached **** piety under Wu Jian
  6922 | D:6      | Slain by Menkaure

Levels and vault maps discovered:
D:1:      dpeg_arrival_long_road, layout_basic
D:2:      layout_rooms, first_ration, minmay_quadrilaterals
D:3:      layout_loops_ring, nicolae_ashenzari_panopticon,
          nemelex_xobeh_ov_fountains_minmay
D:4:      layout_basic, okawaru_altar_gauntlet_db, temple_statues, serial_shops,
          nicolae_shop_trees
D:5:      layout_basic, grunt_temple_overflow_gold_and_silver, kennysheep_boxes,
          uniq_edmund
D:6:      layout_cave_pools, grunt_temple_overflow_open, serial_gnoll_camp,
          gnoll_camp_mini_doghouse, gnoll_camp_huts_moat,
          gnoll_camp_mini_loothouse, gnoll_camp_mini_basic,
          ebering_dispersal_statue_hall, sword_in_stone, uniq_eustachio,
          uniq_menkaure, uniq_crazy_yiuf_cottage
Temple:   compressed_dpeg_triangle_lava_temple

Skill      XL: |  1  2  3  4  5  6  7  8  9 |
---------------+----------------------------+-----
Fighting       | 3 4 5 |  5.6
Unarmed Combat | 4 5 6 7 8 |  8.3
Dodging        | 3 4 5 |  5.1
Evocations     | 1 3 |  3.6
Shields        | 1 3 |  3.5
Stealth        | |  2.4
Spellcasting   | |  0.7
Transmutations | |  0.5

Action                   |  1- 3 |  4- 6 |  7- 9 || total
-------------------------+-------+-------+-------++-------
Melee: Unarmed           |   123 |   242 |   394 ||   759
       Bite              |    30 |    84 |   166 ||   280
       Punch             |     5 |     3 |       ||     8
Invok: Lunge             |       |       |    31 ||    31
       Whirlwind         |       |       |    15 ||    15
 Abil: Blink             |       |     1 |     3 ||     4
  Use: Scroll            |       |    10 |     3 ||    13
       Potion            |       |     1 |       ||     1
 Stab: Sleeping          |     1 |     2 |       ||     3
  Eat: Chunk             |     4 |     6 |    10 ||    20
Armor: Robe              |     1 |       |       ||     1
       Ring mail         |    50 |    17 |       ||    67
       Plate armour      |       |    98 |   250 ||   348
Dodge: Dodged            |    72 |    61 |    82 ||   215
Block: Buckler           |       |     5 |    34 ||    39
       Shield            |       |       |   109 ||   109
